Map: Abyssal Reef LE

Players

DisReSpeCT - Winner!

  • Race: Terran Terran
  • League: Master
  • Spawn Location: 5:00

A.I. 1 (Very Easy)

  • Race: Zerg Zerg
  • Spawn Location: 11:00

VOD

Have the link to the VOD?

Description

Just a test game for the build order

Time

  • Played on: April 14, 2017, 5:02 p.m.
  • Length: 8:49
Show
View Real Time Build Order
Export as new Build Order

DisReSpeCT Terran - Winner!

Build Orders: Hellion Opening, Reaper Expand, Mech 

Get SALT Encoding   

  12  0:00  SCV  
  13  0:13  SCV  
  14  0:17  Supply Depot  
  14  0:25  SCV  
  14  0:28  Refinery  
  15  0:39  SCV  
  16  0:45  Barracks  
  16  0:51  SCV  
  17  1:03  SCV  
  18  1:15  SCV  
  19  1:31  Orbital Command  
  19  1:32  Reaper  
  20  1:45  Command Center  
  20  1:56  Factory  
  20  1:59  SCV  
  21  2:05  Refinery  
  21  2:07  Barracks Reactor  
  21  2:11  SCV  
  22  2:16  Supply Depot  
  22  2:23  SCV  
  23  2:38  SCV  
  23  2:41  Starport  
  24  2:48  Hellion x2  
  24  2:50  SCV  
  29  2:52  Barracks Tech Lab  
  29  2:59  Orbital Command  
  29  3:04  SCV  
  30  3:10  Hellion  
  32  3:14  Hellion  
  32  3:16  SCV  
  35  3:24  Raven  
  35  3:25  SCV  
  38  3:28  SCV  
  38  3:32  Supply Depot  
  39  3:36  Hellion  
  39  3:39  Hellion  
  43  3:44  SCV x2  
  45  3:55  Supply Depot  
  45  3:56  SCV  
  45  3:57  Hellion  
  45  3:59  SCV  
  45  4:00  Hellion  
  51  4:11  Viking  
  53  4:19  Command Center  
  53  4:21  SCV x2  
  55  4:26  Supply Depot  
  55  4:32  Hellion x2  
  55  4:33  SCV  
  55  4:34  SCV  
  61  4:42  Armory  
  61  4:46  SCV  
  61  4:48  SCV  
  63  4:57  Factory  
  63  4:58  Factory, SCV  
  64  5:00  Liberator, SCV  
  64  5:02  Refinery  
  64  5:03  Refinery  
  65  5:07  Supply Depot  
  65  5:10  SCV  
  65  5:12  Supply Depot  
  65  5:13  SCV  
  70  5:22  Cloaking Field  
  70  5:29  SCV x2  
  70  5:31  Orbital Command  
  72  5:41  Factory Tech Lab x2, SCV x2  
  74  5:49  Terran Vehicle Weapons Level 1  
  74  5:50  Orbital Command  
  74  5:54  SCV  
  74  5:56  Supply Depot, Hellion x2  
  79  5:58  SCV  
  79  6:02  Thor  
  86  6:06  SCV  
  87  6:11  Thor  
  87  6:16  SCV  
  87  6:18  SCV  
  95  6:20  Banshee  
  95  6:24  SCV  
  99  6:28  Hellion, Supply Depot, SCV  
  99  6:30  SCV  
  103  6:36  SCV  
  104  6:40  SCV  
  108  6:47  Hellion  
  108  6:50  Siege Tank, SCV  
  108  6:52  Supply Depot  
  108  6:53  Supply Depot, SCV x2  
  113  6:54  Siege Tank, Refinery  
  113  6:56  Refinery  
  116  7:02  SCV  
  116  7:03  Supply Depot  
  116  7:06  Infernal Pre-Igniter  
  117  7:14  Banshee  
  120  7:19  Command Center  
  120  7:23  Hellion x2  
  120  7:29  Siege Tank x2  
  130  7:35  Supply Depot  
  130  7:36  SCV x2  
  132  7:40  Barracks Reactor  
  132  7:45  Factory, SCV  
  132  7:47  Factory  
  132  7:48  SCV x2  
  135  7:55  Supply Depot  
  135  7:57  SCV, Hellion x2  
  140  8:03  Siege Tank x2  
  146  8:06  SCV  
  146  8:07  Supply Depot  
  146  8:09  Starport Reactor  
  147  8:18  Hellion x2  
  151  8:25  SCV  
  151  8:26  SCV  
  153  8:30  SCV  
  154  8:37  Factory Tech Lab x2  
Show
View Real Time Build Order
Export as new Build Order

A.I. 1 (Very Easy) Zerg 

Build Orders: Pool Only 

Get SALT Encoding   

  12  0:01  Drone  
  13  0:12  Overlord  
  13  0:17  Drone  
  14  0:36  Spawning Pool  
  14  0:37  Extractor  
  14  0:40  Drone  
  13  0:47  Drone  
  14  0:53  Overlord  
  14  1:23  Zergling x2  
  14  1:25  Queen  
  17  1:34  Roach Warren  
  17  1:37  Drone  
  17  1:40  Extractor  
  17  1:45  Drone  
  17  1:51  Zergling x2  
  18  2:05  Drone  
  19  2:12  Drone  
  20  2:19  Zergling x2  
  20  2:20  Drone  
  22  2:31  Overlord  
  22  2:36  Drone  
  23  2:43  Drone  
  24  2:47  Roach  
  24  2:50  Drone  
  27  7:25  Drone, Lair  
  27  7:26  Overlord  
  27  7:27  Zergling x2  
  26  7:32  Drone  
  24  7:39  Drone  
  25  7:46  Drone  
  26  7:53  Drone  
  27  8:14  Zergling x2  
  25  8:21  Overlord  
  25  8:27  Drone  
  20  8:30  Overlord, Overseer  
  15  8:34  Drone  
  15  8:36  Spire  
Tags
 
Add a new tag
Caveats
  • Supply blocks, unpowered buildings, or Contaminate may cause inaccurate times.
  • Supply counts are checked every 10 seconds.